 Dungeon Crawl Stone Soup version 0.20.1-1-g8b1a95d (webtiles) character file.

169 Internecine the Sneak (level 5, -2/45 HPs)
             Began as a Minotaur Assassin on Sept 29, 2017.
             Slain by an orc wizard
             ... wielding a +1 dagger of electrocution
              (4 damage)
             ... on level 4 of the Dungeon.
             The game lasted 00:30:40 (3454 turns).

Internecine the Sneak (Minotaur Assassin)           Turns: 3454, Time: 00:30:40

Health: -2/45      AC:  8    Str: 15    XL:     5   Next: 25%
Magic:  4/4        EV:  9    Int:  8    God:
Gold:   204        SH:  0    Dex: 13    Spells: 4/4 levels left

rFire    . . .     SeeInvis .   q - +2 dagger (freeze)
rCold    . . .     Gourm    .   (no shield)
rNeg     . . .     Faith    .   I - +0 scale mail
rPois    .         Spirit   .   P - +1 hat
rElec    .         Reflect  .   d - +0 cloak
rCorr    .         Harm     .   (no gloves)
MR       .....                  (no boots)
Stlth    +.........             y - amulet of regeneration
Regen    0.6/turn               (no ring)
MPRegen  0.1/turn               (no ring)

@: flying
A: retaliatory headbutt, horns 2
a: no special abilities


You were on level 4 of the Dungeon.
You were not hungry.

You visited 1 branch of the dungeon, and saw 4 of its levels.

You collected 204 gold pieces.

Inventory:

Hand Weapons
 b - a +0 blowgun
 q - a +2 dagger of freezing (weapon)
Missiles
 e - 33 poisoned needles
 f - 5 curare-tipped needles
 h - 51 bolts
 p - 141 stones (quivered)
 B - 19 arrows
Armour
 d - a +0 cloak (worn)
 I - a +0 scale mail (worn)
 P - a +1 hat (worn)
Jewellery
 y - an amulet of regeneration (around neck)
Wands
 J - a wand of paralysis (4/24)
Scrolls
 j - a scroll of magic mapping
 k - a scroll of enchant weapon {unknown}
 o - a scroll of remove curse
 t - 2 scrolls of identify {unknown}
 v - a scroll of amnesia {unknown}
 C - a scroll of random uselessness {unknown}
 E - a scroll of teleportation {unknown}
 K - a scroll of immolation {unknown}
Potions
 l - a potion of brilliance
 s - a potion of magic
 w - a potion of degeneration {unknown}
 x - a potion of mutation {unknown}
 A - a potion of lignification {unknown}
 F - a potion of agility {unknown}
Comestibles
 g - 2 bread rations
 i - a meat ration
 z - 3 fruits


   Skills:
 + Level 3.2 Fighting
 + Level 3.2 Short Blades
 + Level 2.5 Throwing
 + Level 2.2 Armour
 + Level 1.4 Dodging
 + Level 4.3 Stealth


You had 4 spell levels left.
You didn't know any spells.

Dungeon Overview and Level Annotations

Branches:
Dungeon (4/15)
 Temple: D:4-7

Altars:
Hepliaklqana
Kikubaaqudgha
Sif Muna
The Shining One


Innate Abilities, Weirdness & Mutations

You reflexively headbutt those who attack you in melee.
You have a pair of horns on your head.


Message History

The orc wizard is moderately wounded.
The orc wizard hits you but does no damage.
You are electrocuted!
You hit the orc wizard but do no damage.
You headbutt the orc wizard, but do no damage.
The orc wizard is moderately wounded.
The orc wizard hits you but does no damage.
You are electrocuted!
* * * LOW HITPOINT WARNING * * *
You closely miss the orc wizard.
The orc wizard is moderately wounded.
The orc wizard barely misses you.
The orc wizard gestures at you while chanting.
The puff of frost hits you!
* * * LOW HITPOINT WARNING * * *
It was a potion of flight.
You feel very buoyant.
You fly up into the air.
The orc wizard hits you with a dagger of electrocution.
You die...

#..#...# #.. ...#
#......# ##.. ....
#.....# ##... .....
#....# ##.... ...(.
##...######...##
......
#............###
.....(##..#..#####...#
#..)o.##.## ##..#
###@##.## #..## #....#
##..## ###### ###.#
###


You could see an orc wizard.

Vanquished Creatures
  An orc wizard (D:3)
  2 worker ants
  An adder (D:3)
  3 worms
  A dart slug (D:1)
  2 leopard geckos
  8 orcs
  3 ball pythons
  4 bats
  A bat zombie (D:3)
  A giant cockroach (D:1)
  9 goblins
  6 hobgoblins
  A quokka (D:2)
  2 frilled lizards
  10 kobolds
  9 rats
  2 rat zombies (D:3)
66 creatures vanquished.

Notes
Turn   | Place    | Note
-------+----------+-------------------------------------------
     0 | D:1      | Internecine the Minotaur Assassin began the quest for the Orb.
     0 | D:1      | Reached XP level 1. HP: 18/18 MP: 0/0
   169 | D:1      | Reached XP level 2. HP: 25/25 MP: 1/1
   743 | D:1      | Reached skill level 4 in Stealth
   896 | D:2      | Reached XP level 3. HP: 30/30 MP: 2/2
  1392 | D:2      | Found a glowing golden altar of the Shining One.
  1815 | D:2      | Reached skill level 1 in Armour
  1838 | D:2      | Found a deep blue altar of Sif Muna.
  2241 | D:3      | Found an ancient bone altar of Kikubaaqudgha.
  2353 | D:3      | Reached XP level 4. HP: 33/37 MP: 3/3
  2839 | D:3      | Found a hazy altar of Hepliaklqana.
  2983 | D:3      | Reached XP level 5. HP: 23/45 MP: 4/4
  3453 | D:4      | HP: 1/45 [orc wizard/puff of frost (9)]
  3454 | D:4      | Slain by an orc wizard

Skill      XL: |  1  2  3  4 |
---------------+-------------+-----
Stealth        | 4 |  4.3
Armour         | 1 2 |  2.2
Fighting       | 3 |  3.2
Short Blades   | 3 |  3.2
Throwing       | |  2.5
Dodging        | |  1.4

Action                   |  1- 3 |  4- 6 || total
-------------------------+-------+-------++-------
Melee: Dagger            |    93 |    59 ||   152
       Headbutt          |    16 |    13 ||    29
Throw: Stone             |    24 |    36 ||    60
  Use: Potion            |       |     5 ||     5
       Scroll            |       |     2 ||     2
 Stab: Sleeping          |     5 |     1 ||     6
  Eat: Chunk             |     4 |     4 ||     8
Armor: Robe              |     5 |       ||     5
       Leather armour    |    36 |    19 ||    55
       Scale mail        |       |     3 ||     3
Dodge: Dodged            |    50 |    21 ||    71
